 Dungeon Crawl Stone Soup version 0.23.2-40-g277498a001 (webtiles) character file.

Game seed: 9851405352062829726

373 Descartes the Skirmisher (level 7, -3/55 HPs)
             Began as a Formicid Abyssal Knight on Oct 7, 2019.
             Was a Believer of Lugonu.
             Slain by an ogre
             ... wielding a +0 giant club
              (19 damage)
             ... on level 4 of the Dungeon.
             The game lasted 00:09:12 (5067 turns).

Descartes the Skirmisher (Formicid Abyssal Knight)  Turns: 5067, Time: 00:09:12

Health: -3/55      AC: 10    Str: 17    XL:     7   Next: 3%
Magic:  10/10      EV:  5    Int: 11    God:    Lugonu [**....]
Gold:   234        SH:  0    Dex: 10    Spells: 10/10 levels left

rFire    . . .     SeeInvis +   a - +1 hand axe
rCold    + . .     Gourm    .   (no shield)
rNeg     . . .     Faith    .   t - +0 chain mail
rPois    .         Spirit   .   (helmet unavailable)
rElec    +         Reflect  .   (no cloak)
rCorr    .         Harm     .   o - +0 pair of gloves
MR       .....                  (no boots)
Stlth    ..........             (no amulet)
HPRegen  0.18/turn              w - -2 ring of evasion (curse)
MPRegen  0.12/turn              (no ring)

@: no status effects
A: permanent stasis, dig shafts and tunnels, four strong arms, antennae 3,
blurry vision 1, cold resistance 1, dopey 1, electricity resistance
a: Dig, Shaft Self, Depart the Abyss, Bend Space, Renounce Religion


You were on level 4 of the Dungeon.
You worshipped Lugonu.
Lugonu was pleased with you.
You were hungry.

You visited 1 branch of the dungeon, and saw 4 of its levels.
You visited the Abyss 1 time.

You collected 234 gold pieces.

Inventory:

Hand Weapons
 a - a +1 hand axe (weapon)
 d - a +0 scimitar
 u - a +0 blowgun
 z - a +0 war axe
Missiles
 g - 98 stones (quivered)
 m - 29 arrows
 v - 8 poisoned needles
 y - 5 tomahawks
Armour
 b - a +0 leather armour
 o - a +0 pair of gloves (worn)
 q - a +0 ring mail
 t - a +0 chain mail (worn)
Jewellery
 w - a cursed -2 ring of evasion (left hand)
Scrolls
 e - a scroll of immolation {unknown}
 h - a scroll of remove curse {unknown}
 k - 2 scrolls of enchant weapon {unknown}
 r - a scroll of enchant armour {unknown}
 s - a scroll of teleportation {unknown}
Potions
 f - 2 potions of lignification {unknown}
 i - 2 potions of agility
 j - a potion of degeneration {unknown}
 l - 4 potions of heal wounds
Comestibles
 c - 6 rations


   Skills:
 + Level 4.3 Fighting
 + Level 3.0 Axes
 + Level 3.9 Armour
 + Level 2.0 Dodging
 + Level 2.8 Stealth
 + Level 2.0 Spellcasting
 + Level 3.5 Invocations


You had 10 spell levels left.
You didn't know any spells.
Your spell library was empty.

Dungeon Overview and Level Annotations

Branches:
Dungeon (4/15)
 Temple: D:4-7

Altars:
Elyvilon
Nemelex Xobeh
Ru
Sif Muna
Vehumet

Annotations:
D:3 Terence


Innate Abilities, Weirdness & Mutations

You cannot be hasted, slowed, berserked, paralysed or teleported.
You can dig through walls and to a lower floor.
Your four strong arms can wield two-handed weapons with a shield.
You have a pair of large antennae on your head. (SInv)
Scrolls take you a little longer to read.
Your flesh is cold resistant. (rC+)
You are dopey. (Int -2)
You are resistant to electric shocks. (rElec)


Message History

The orc priest mumbles some strange prayers to Beogh against you.
Beogh smites you! The ogre barely misses you.
The orc priest shouts!
You hit the ogre.
The ogre is moderately wounded.
The orc wizard gestures wildly while chanting.
The orc wizard flickers and vanishes for a moment.
You slash the ogre!
The ogre is heavily wounded.
The ogre hits you but does no damage.
The orc priest mumbles some strange prayers to Beogh against you.
Beogh smites you!
You hit the ogre but do no damage.
The ogre is heavily wounded.
The ogre hits you with a +0 giant club!
* * * LOW HITPOINT WARNING * * *
You hit the ogre.
The ogre is severely wounded.
The ogre hits you with a +0 giant club!!
You die...

#.##########
..oosoO@...#
..########.#
#.# #.# #
#.# ## # #.#
.# #. #.# #
##'#
#####.### #
##...##
#.......#


You could see an ogre, a scorpion, 2 orc priests and an orc wizard (invisible).

Vanquished Creatures
  A hound (D:4)
  An orc priest (D:3)
  2 orc wizards (D:3)
  Jessica (D:2)
  Natasha (twice) (D:4)
  A centaur skeleton (D:4)
  A worker ant (D:4)
  3 adders
  A gnoll (D:1)
  An ufetubus (D:1)
  An ooze (D:4)
  An adder skeleton (D:4)
  2 worms
  3 dart slugs
  3 leopard geckos
  10 orcs
  5 bats
  3 giant cockroaches (D:3)
  4 hobgoblins
  2 jackals (D:2)
  A ball python (D:3)
  2 frilled lizards
  7 goblins
  6 kobolds
  12 rats
76 creatures vanquished.

Notes
Turn   | Place    | Note
-------+----------+-------------------------------------------
     0 | Abyss:1  | Descartes the Formicid Abyssal Knight began the quest for
                  | the Orb.
     0 | Abyss:1  | Reached XP level 1. HP: 18/18 MP: 2/2
    21 | Abyss:1  | Noticed a sky beast
   103 | Abyss:2  | Noticed a sun demon
   127 | D:1      | Escaped the Abyss
   218 | D:1      | Reached XP level 2. HP: 21/24 MP: 3/3
   552 | D:1      | Reached XP level 3. HP: 13/30 MP: 4/4
   862 | D:1      | Reached skill level 1 in Dodging
  1501 | D:2      | Reached XP level 4. HP: 36/37 MP: 5/5
  1533 | D:2      | Reached skill level 1 in Stealth
  1821 | D:2      | You fall through a shaft!
  1828 | D:3      | Found a sacrificial altar of Ru.
  1939 | D:3      | Found a radiant altar of Vehumet.
  1974 | D:3      | Reached ** piety under Lugonu
  2740 | D:3      | Reached XP level 5. HP: 42/42 MP: 7/7
  2753 | D:3      | Reached skill level 4 in Fighting
  2753 | D:3      | Reached skill level 1 in Spellcasting
  2789 | D:3      | Gained mutation: Your flesh is cold resistant. (rC+)
                  | [potion of mutation]
  2789 | D:3      | Gained mutation: You are dopey. (Int -2) [potion of
                  | mutation]
  2789 | D:3      | Gained mutation: Scrolls take you a little longer to read.
                  | [potion of mutation]
  2789 | D:3      | Gained mutation: You are resistant to electric shocks.
                  | (rElec) [potion of mutation]
  2856 | D:3      | Found a deep blue altar of Sif Muna.
  2888 | D:3      | Noticed Terence
  3230 | D:2      | Found a white marble altar of Elyvilon.
  3425 | D:2      | Found a sparkling altar of Nemelex Xobeh.
  3425 | D:2      | Noticed Jessica
  3433 | D:2      | Killed Jessica
  3433 | D:2      | Reached XP level 6. HP: 26/48 MP: 8/8
  4471 | D:4      | Noticed Natasha
  4485 | D:4      | Killed Natasha
  4752 | D:4      | Noticed Natasha
  4772 | D:4      | Killed Natasha
  4790 | D:4      | Reached XP level 7. HP: 20/55 MP: 8/10
  5067 | D:4      | Slain by an ogre

Skill      XL: |  1  2  3  4  5  6 |
---------------+-------------------+-----
Armour         | 3 |  3.9
Dodging        | 1 2 |  2.0
Stealth        | 1 2 |  2.8
Fighting       | 4 |  4.3
Spellcasting   | 1 2 |  2.0
Invocations    | 3 |  3.5
Axes           | 3 |  3.0

Action                   |  1- 3 |  4- 6 |  7- 9 || total
-------------------------+-------+-------+-------++-------
Melee: Hand axe          |    66 |   267 |     9 ||   342
       Scimitar          |     2 |       |       ||     2
 Abil: Dig               |     1 |     2 |       ||     3
  Use: Scroll            |       |     5 |       ||     5
       Potion            |       |     1 |       ||     1
  Eat: Chunk             |     2 |    11 |       ||    13
Armor: Leather armour    |    26 |     5 |       ||    31
       Chain mail        |       |   135 |     1 ||   136
       Ring mail         |       |     5 |       ||     5
Dodge: Dodged            |    47 |   104 |     3 ||   154
       Rpst.: Scimitar   |     1 |       |       ||     1
